 Dungeon Crawl Stone Soup version 0.32-a0-675-gdc239d62e1 (webtiles) character file.

Game seed: 15985009097566850067

784 inmateoo the Chopper (level 7, 0/54 HPs)
             Began as a Coglin Gladiator on Mar 11, 2024.
             Succumbed to a scorpion's poison
             ... on level 5 of the Dungeon.
             The game lasted 00:04:32 (3271 turns).

inmateoo the Chopper (Coglin Gladiator)             Turns: 3271, Time: 00:04:33

Health: 0/54       AC:  7    Str: 16    XL:     7   Next: 86%
Magic:  7/7        EV: 11    Int:  8    God:
Gold:   250        SH:  0    Dex: 15    Spells: 6/6 levels left

rFire   . . .        p - +0 hand axe (heavy) {Mishil}
rCold   . . .        r - +1 war axe (freeze) {Akhenaten}
rNeg    . . .        l - +0 scale mail
rPois   .            c - +0 helmet
rElec   .            k - +0 cloak
rCorr   .            (no gloves)
SInv    .            f - +1 pair of boots
Will    .....        (amulet unavailable) Stlth
                     (ring unavailable)
HPRegen 0.29/turn    (ring unavailable)
MPRegen 0.10/turn    (no gizmo)

%: no passive effects
@: lethally poisoned (0 -> -11), corroded, revved
A: off-hand wielding, slow wielding, warmup strikes, no jewellery
a: Invent Gizmo


You were on level 5 of the Dungeon.
You visited 1 branch of the dungeon, and saw 5 of its levels.

You collected 250 gold pieces.

Inventory:

Hand Weapons
 a - a +0 war axe {Waqi}
 m - the +6 whip of the Maze {freeze, Str+2}
   (You found it on level 2 of the Dungeon)

   Str+2:     It affects your strength (+2).
 p - a +0 heavy hand axe (weapon) {Mishil}
 r - a +1 war axe of freezing (offhand) {Akhenaten}
Missiles
 d - 4 throwing nets (quivered)
 e - a javelin
Armour
 c - a +0 helmet (worn)
 f - a +1 pair of boots (worn)
 k - a +0 cloak (worn)
 l - a +0 scale mail (worn)
Scrolls
 g - a scroll of enchant armour
 h - 2 scrolls of fear
 i - a scroll of fog
 j - 2 scrolls of identify
Potions
 b - 2 potions of cancellation
 n - a potion of invisibility
 o - 2 potions of haste
 q - 4 potions of heal wounds


   Skills:
 + Level 4.2 Fighting
 * Level 6.1 Axes
 - Level 1.7 Throwing
 + Level 3.1 Armour
 + Level 4.3 Dodging


You had 6 spell levels left.
You didn't know any spells.
Your spell library was empty.

Dungeon Overview and Level Annotations

Branches:
Dungeon (5/15)
 Temple: D:4-7

Altars:
Yredelemnul
Zin

Shops:
D:4 :   D:5 *

Annotations:
D:1 2 transporters


Innate Abilities, Weirdness & Mutations

You can wield a second weapon in your off-hand.
It takes a long time for you to wield or remove held weapons.
Your first few attacks do less damage.
You cannot equip rings or amulets.


Message History

You barely miss the adder with your +1 war axe of freezing.
You closely miss the adder with your +0 heavy hand axe.
The adder closely misses you.
You barely miss the adder with your +0 heavy hand axe.
You hit the adder with your +1 war axe of freezing.
The adder seems to slow down.
You freeze the adder.
The adder is no longer moving slowly.
The adder barely misses you. x2
You slash the adder with your +0 heavy hand axe!
You kill the adder!
You hit the ogre but do no damage.
The ogre is almost dead.
You slash the ogre with your +1 war axe of freezing!
You freeze the ogre.
You kill the ogre!
The phantom barely misses you.
Your Axes skill increases to level 6!
You hit the phantom with your +1 war axe of freezing.
The phantom is lightly damaged.
You hit the phantom with your +0 heavy hand axe.
The phantom hits you.
* * * LOW HITPOINT WARNING * * *
The phantom blinks!
You blink.
Found 11 gold pieces.
Found Fotos's Lightly-Used Armoury.
You slash the phantom with your +0 heavy hand axe!
The phantom hits you but does no damage.
The scorpion stings you.
* * * LOW HITPOINT WARNING * * *
You barely miss the phantom with your +0 heavy hand axe.
The phantom is heavily damaged.
You hit the scorpion but do no damage.
You hit the phantom with your +1 war axe of freezing.
You hit the scorpion but do no damage. The phantom barely misses you.
The scorpion stings you.
* * * LOW HITPOINT WARNING * * *
You are lethally poisoned!
The scorpion poisons you! The phantom hits you.
* * * LOW HITPOINT WARNING * * *
The phantom blinks!
You blink.
You hit the phantom with your +0 heavy hand axe.
You die...

#PP.PP.#.#.#....####.#
#÷.....##.####### #.#
# ###########
#######.####.... #
..............# ..###
...####.#####.#
......#.#####)##.
...∩$.#.#§s......ß...
#....W..####.......
..###@#........#...
#..######......) ...##
##.ß.. ..... ....#
#####. ..... #. .. ..


You could see a phantom and a scorpion.

Vanquished Creatures
  An orc warrior (D:4)
  2 ogres (D:5)
  A phantom (D:5)
  4 jellies
  2 orc priests
  Crazy Yiuf (D:2)
  2 iguanas
  An orc wizard (D:4)
  3 gnolls (D:3)
  3 adders
  A dart slug (D:1)
  6 orcs
  7 bats
  21 endoplasms
  2 giant cockroaches
  3 hobgoblins
  5 jackals (D:3)
  15 kobolds
  5 quokkas
  9 ball pythons
  5 frilled lizards
  8 goblins
  8 rats
115 creatures vanquished.

Notes
Turn   | Place    | Note
-------+----------+-------------------------------------------
     0 | D:1      | inmateoo the Coglin Gladiator began the quest for the Orb.
     0 | D:1      | Reached XP level 1. HP: 16/16 MP: 1/1
    56 | D:1      | Reached XP level 2. HP: 20/22 MP: 2/2
   637 | D:1      | Reached XP level 3. HP: 27/27 MP: 3/3
   872 | D:2      | Identified the +6 whip of the Maze {freeze, Str+2}
   880 | D:2      | Reached skill level 1 in Armour
  1157 | D:2      | Found a runed translucent door.
  1158 | D:2      | Noticed Crazy Yiuf
  1295 | D:2      | HP: 1/28 [Crazy Yiuf/+3 quarterstaff of chaos (14)]
  1297 | D:2      | Killed Crazy Yiuf
  1298 | D:2      | Reached XP level 4. HP: 1/34 MP: 4/4
  1480 | D:3      | Reached skill level 4 in Axes
  1558 | D:3      | Reached XP level 5. HP: 40/40 MP: 5/5
  1735 | D:3      | Found a faded altar of an unknown god.
  2478 | D:4      | Noticed an orc warrior
  2486 | D:4      | Reached XP level 6. HP: 26/47 MP: 6/6
  2600 | D:4      | Killed an orc warrior
  2601 | D:4      | Reached skill level 5 in Axes
  2810 | D:4      | Found Myreh's Book Shop.
  3042 | D:5      | Entered Level 5 of the Dungeon
  3060 | D:5      | Reached XP level 7. HP: 52/53 MP: 7/7
  3084 | D:5      | Found a basalt altar of Yredelemnul.
  3256 | D:5      | Found a glowing silver altar of Zin.
  3268 | D:5      | Reached skill level 6 in Axes
  3268 | D:5      | Found Fotos's Lightly-Used Armoury.
  3271 | D:5      | Succumbed to a scorpion's poison

Illustrated notes

Levels and vault maps discovered:
D:1:      spicycebolla_arrival_transporter_tutorial, layout_basic
D:2:      layout_rooms, uniq_crazy_yiuf_cottage
D:3:      layout_rooms, nicolae_ecumenical_pavilion, minivault_4,
          minmay_starry_boxes
D:4:      layout_basic, serial_shops, nicolae_book_shop_shelving,
          chequers_serial_rivers_micro_e, kennysheep_generic_room_5
D:5:      cheibrodos_fertilizer, layout_loops_ring, lemuel_crystal_altar,
          eat_drink_and_be_merry_uskayaw, mainiacjoe_overflow_paths,
          kennysheep_little_box, minmay_temple_entry_drinking_statues,
          minmay_shop_damaged

Skill      XL: |  1  2  3  4  5  6  7 |
---------------+----------------------+-----
Dodging        | 3 4 |  4.3
Armour         | 1 2 3 |  3.1
Axes           | 4 5 6 |  6.1
Fighting       | 3 4 |  4.2
Throwing       | |  1.7

Action                     |  1- 3 |  4- 6 |  7- 9 || total
---------------------------+-------+-------+-------++-------
  Melee: War axe           |    57 |    16 |    15 ||    88
         Dagger            |    15 |       |       ||    15
         Spear             |    30 |       |       ||    30
         Whip              |    17 |    77 |     5 ||    99
         Hand axe          |       |    50 |    23 ||    73
    Use: Scroll            |       |    12 |       ||    12
   Stab: Sleeping          |     1 |       |       ||     1
 Armour: Leather armour    |    18 |    30 |       ||    48
         Scale mail        |       |    19 |    17 ||    36
  Dodge: Dodged            |    31 |    63 |    19 ||   113

Table legend: (Time is in decaauts)
 A = Elapsed time spent in this place.
 B = Non-inter-level travel time spent in this place.
 C = Inter-level travel time spent in this place.
 D = Time resting spent in this place.
 E = Time spent auto-exploring this place.
 F = Levels seen in this place.
 G = Mean time per level.
                   A        B        C        D        E       F      G
               +--------+--------+--------+--------+--------+-----+--------+
         Total |   3320 |   3142 |    178 |    491 |   1952 |   5 |  664.0 |
       Dungeon |   3320 |   3142 |    178 |    491 |   1952 |   5 |  664.0 |
               +--------+--------+--------+--------+--------+-----+--------+

Top non-repeatable levels by time:
     D:3: 975 daAuts
     D:1: 789 daAuts
     D:2: 687 daAuts
     D:4: 627 daAuts
     D:5: 239 daAuts
